XFBL
SAN DIEGO PADRES @ CHICAGO CUBS
05/31/1982
 
TOP OF THE 1ST
San Diego Padres batting - Pitching for Chicago Cubs : RHP Bert Blyleven
Pitching: RHP Bert Blyleven
Batting: RHB Bob Dernier 0-0: Ball
1-0: Swinging Strike
1-1: Ground out 5-3 (Groundball, 5, EV 100.0 MPH)
Batting: LHB Jerry McDonald 0-0: Ball
1-0: Ball
2-0: Ball
3-0: Called Strike
3-1: SINGLE (Line Drive, 4MD, EV 104.4 MPH)
Batting: LHB Tom Dunbar 0-0: Ball
1-0: Ball
2-0: Called Strike
2-1: Ball
3-1: Base on Balls
Jerry McDonald to second
Batting: RHB Dennis Dungy 0-0: Foul Ball, location: 2F
0-1: Ball
1-1: Ball
Jerry McDonald steals 3rd base
Tom Dunbar to second
2-1: Foul Ball, location: 2F
2-2: Foul Ball, location: 2F
2-2: Ball
3-2: Fly out, F8 (Flyball, 8RD, EV 95.6 MPH)
Runner from 3rd tags up, SCORES, no throw by CF
Batting: LHB Darrell Porter 0-0: Ball
1-0: Ball
2-0: Foul Ball, location: 2F
2-1: Foul Ball, location: 2F
2-2: Foul Ball, location: 2F
2-2: Fly out, F8 (Flyball, 8RXD, EV 93.1 MPH)
Top of the 1st over - 1 run, 1 hit, 0 errors, 1 left on base; San Diego 1 - Chicago 0
BOTTOM OF THE 1ST
Chicago Cubs batting - Pitching for San Diego Padres : LHP Danny Arizola
Pitching: LHP Danny Arizola
Batting: RHB Gary Ward 0-0: Ball
1-0: Called Strike
1-1: Foul Ball, location: 2F
1-2: Ground out 3-1 (Groundball, 34, EV 86.9 MPH)
Batting: RHB Bill Madlock 0-0: Called Strike
0-1: SINGLE (Line Drive, 7S, EV 87.5 MPH)
Batting: RHB Lonnie Smith 0-0: Called Strike
0-1: Ball
1-1: Ball
2-1: Called Strike
2-2: Ball
3-2: Base on Balls
Bill Madlock to second
Batting: SHB Roy Smalley 0-0: Swinging Strike
0-1: Ball
1-1: Ball
2-1: Foul Ball, location: 2F
2-2: Ball
3-2: Foul Ball, location: 2F
3-2: Fly out, F8 (Line Drive, 8RM, EV 96.9 MPH)
Batting: RHB Jim Rice 0-0: Called Strike
0-1: Called Strike
0-2: Ball
1-2: Strikes out looking
Bottom of the 1st over - 0 runs, 1 hit, 0 errors, 2 left on base; San Diego 1 - Chicago 0
TOP OF THE 2ND
San Diego Padres batting - Pitching for Chicago Cubs : RHP Bert Blyleven
Batting: RHB Heriberto Soltero 0-0: Foul Ball, location: 2F
0-1: Ground out 5-3 (Groundball, 56, EV 105.0 MPH)
Batting: RHB Dave Edler 0-0: Ball
1-0: Fly out, F9 (Flyball, 9S, EV 96.9 MPH)
Batting: LHB Jeffrey Zitek 0-0: Foul Ball, location: 2F
0-1: Called Strike
0-2: Fly out, F9 (Flyball, 89S, EV 84.4 MPH)
Top of the 2nd over - 0 runs, 0 hits, 0 errors, 0 left on base; San Diego 1 - Chicago 0
BOTTOM OF THE 2ND
Chicago Cubs batting - Pitching for San Diego Padres : LHP Danny Arizola
Batting: RHB Randy Ready 0-0: Called Strike
0-1: Ball
1-1: Ball
2-1: Ball
3-1: Swinging Strike
3-2: SOLO HOME RUN (Flyball, 78XD, EV 95.0 MPH), Distance : 401 ft
Batting: LHB Johnny Grubb 0-0: Called Strike
0-1: Ball
1-1: Ball
2-1: Foul Ball, location: 2F
2-2: Ball
3-2: Ground out 3-1 (Groundball, 34S, EV 78.8 MPH)
Batting: RHB Bob Brenly 0-0: Ball
1-0: Ball
2-0: Foul Ball, location: 2F
2-1: SINGLE (Groundball, 3D, EV 94.4 MPH)
Batting: RHB Bert Blyleven 0-0: Ball
1-0: Sac Bunt to 3S - play at first, batter OUT! 3-1
Bob Brenly to second
Batting: RHB Gary Ward 0-0: Fly out, F3 (Flyball, 3D, EV 94.4 MPH)
Bottom of the 2nd over - 1 run, 2 hits, 0 errors, 1 left on base; San Diego 1 - Chicago 1
TOP OF THE 3RD
San Diego Padres batting - Pitching for Chicago Cubs : RHP Bert Blyleven
Batting: LHB Danny Arizola 0-0: Ball
1-0: Called Strike
1-1: Ball
2-1: Called Strike
2-2: SINGLE (Line Drive, 6D, EV 103.1 MPH)
Batting: RHB Bob Dernier 0-0: Foul Ball, location: 2F
0-1: Ball
1-1: Ball
2-1: Foul Ball, location: 2F
2-2: SINGLE (Flyball, 8LS, EV 91.9 MPH)
Danny Arizola to second
Runner from 2nd tries for 3rd, SAFE, throw by CF made to third
Batting: LHB Jerry McDonald 0-0: Ball
Bob Dernier steals 2nd base
1-0: Fly out, F8 (Flyball, 8LXD, EV 83.1 MPH)
Runner from 3rd tags up, SCORES, no throw by CF
Bob Dernier to third
Batting: LHB Tom Dunbar 0-0: SINGLE (Line Drive, 8LS, EV 101.9 MPH)
Bob Dernier scores
Batting: RHB Dennis Dungy 0-0: Called Strike
Tom Dunbar steals 2nd base
0-1: Called Strike
0-2: Ball
1-2: Foul Ball, location: 2F
1-2: Ball
2-2: Ball
3-2: Base on Balls
Batting: LHB Darrell Porter 0-0: Ball
1-0: Called Strike
1-1: Called Strike
1-2: Ball
2-2: Foul Ball, location: 2F
2-2: Strikes out swinging
Batting: RHB Heriberto Soltero 0-0: Ground out 5-3 (Groundball, 5S, EV 93.1 MPH)
Top of the 3rd over - 2 runs, 3 hits, 0 errors, 2 left on base; San Diego 3 - Chicago 1
BOTTOM OF THE 3RD
Chicago Cubs batting - Pitching for San Diego Padres : LHP Danny Arizola
Batting: RHB Bill Madlock 0-0: Ball
1-0: Swinging Strike
1-1: Ground out 4-3 (Groundball, 34, EV 80.6 MPH)
Batting: RHB Lonnie Smith 0-0: Ball
1-0: Ball
2-0: Ball
3-0: Called Strike
3-1: Base on Balls
Batting: SHB Roy Smalley 0-0: Fly out, F7 (Flyball, 78D, EV 75.6 MPH)
Batting: RHB Jim Rice 0-0: Ball
1-0: Ball
2-0: Fly out, F7 (Flyball, 78M, EV 81.3 MPH)
Bottom of the 3rd over - 0 runs, 0 hits, 0 errors, 1 left on base; San Diego 3 - Chicago 1
TOP OF THE 4TH
San Diego Padres batting - Pitching for Chicago Cubs : RHP Bert Blyleven
Batting: RHB Dave Edler 0-0: Ball
1-0: SOLO HOME RUN (Flyball, 7D, EV 92.5 MPH), Distance : 396 ft
Batting: LHB Jeffrey Zitek 0-0: Called Strike
0-1: Swinging Strike
0-2: Strikes out swinging, 2-3 out at first.
Batting: LHB Danny Arizola 0-0: Ball
1-0: Ball
2-0: Ball
3-0: Called Strike
3-1: Foul Ball, location: 2F
3-2: Strikes out looking
Batting: RHB Bob Dernier 0-0: Called Strike
0-1: Ball
1-1: Ball
2-1: Ball
3-1: Ground out U3 (Groundball, 3L, EV 101.9 MPH)
Top of the 4th over - 1 run, 1 hit, 0 errors, 0 left on base; San Diego 4 - Chicago 1
BOTTOM OF THE 4TH
Chicago Cubs batting - Pitching for San Diego Padres : LHP Danny Arizola
Batting: RHB Randy Ready 0-0: Ball
1-0: Foul Ball, location: 2F
1-1: Ball
2-1: Foul Ball, location: 2F
2-2: Ball
3-2: Base on Balls
Batting: LHB Johnny Grubb 0-0: Foul Ball, location: 2F
0-1: Ball
1-1: Ball
2-1: Foul Ball, location: 9LSF, Error on foul ball, E9
2-2: Foul Ball, location: 2F
2-2: Fly out, F8 (Line Drive, 8LD, EV 93.1 MPH)
Batting: RHB Bob Brenly 0-0: Called Strike
0-1: Grounds into double play, 6-4-3 (Groundball, 6, EV 83.1 MPH)
Bottom of the 4th over - 0 runs, 0 hits, 1 error, 0 left on base; San Diego 4 - Chicago 1
TOP OF THE 5TH
San Diego Padres batting - Pitching for Chicago Cubs : RHP Bert Blyleven
Batting: LHB Jerry McDonald 0-0: Ball
1-0: Ball
2-0: Foul Ball, location: 2F
2-1: Ball
3-1: Base on Balls
Batting: LHB Tom Dunbar 0-0: Called Strike
0-1: Called Strike
0-2: SINGLE (Groundball, 34D, EV 98.8 MPH)
Jerry McDonald to second
Runner from 2nd tries for 3rd, SAFE, throw by RF made to third
Batting: RHB Dennis Dungy Balk!
Jerry McDonald scores
Tom Dunbar to second
0-0: Called Strike
0-1: Called Strike
0-2: Ball
1-2: Foul Ball, location: 2F
1-2: Ball
2-2: Fly out, F8 (Flyball, 8LD, EV 100.0 MPH)
Batting: LHB Darrell Porter 0-0: SINGLE (Line Drive, 6MD, EV 103.8 MPH)
Tom Dunbar to third
Runner from 3rd tries for Home, SAFE, throw by CF to home
Darrell Porter to second
Pitching: RHP John Brown
Batting: RHB Heriberto Soltero 0-0: Called Strike
0-1: Swinging Strike
0-2: Ball
1-2: Foul Ball, location: 2F
1-2: Strikes out swinging
Batting: RHB Dave Edler 0-0: Foul Ball, location: 2F
0-1: Ball
1-1: Ground out 5-3 (Groundball, 56S, EV 81.3 MPH)
Top of the 5th over - 2 runs, 2 hits, 0 errors, 1 left on base; San Diego 6 - Chicago 1
BOTTOM OF THE 5TH
Chicago Cubs batting - Pitching for San Diego Padres : LHP Danny Arizola
Batting: RHB John Brown 0-0: Ball
1-0: Foul Ball, location: 2F
1-1: Foul Ball, location: 2F
1-2: Strikes out swinging passed ball, reaches first!
Batting: RHB Gary Ward 0-0: Swinging Strike
0-1: SINGLE (Line Drive, 9S, EV 91.9 MPH)
John Brown to second
Runner from 2nd tries for 3rd, SAFE, throw by RF made to third
Batting: RHB Bill Madlock 0-0: Fielders Choice at 2nd, 4-6 (Groundball, 4M, EV 84.4 MPH)
John Brown scores
Batting: RHB Lonnie Smith 0-0: Called Strike
0-1: Foul Ball, location: 2F
0-2: Foul Ball, location: 2F
0-2: Foul Ball, location: 2F
0-2: Ball
1-2: Ball
2-2: Ball
3-2: Base on Balls
Bill Madlock to second
Batting: SHB Roy Smalley 0-0: Ball
Bill Madlock steals 3rd, throwing error, E2
Bill Madlock scores
Lonnie Smith to third
1-0: Ball
2-0: Ball
3-0: Base on Balls
Batting: RHB Jim Rice 0-0: Ball
1-0: Called Strike
1-1: Swinging Strike
1-2: Hit by Pitch
Roy Smalley to second
Batting: RHB Randy Ready 0-0: SINGLE (Line Drive, 5D, EV 97.5 MPH)
Lonnie Smith scores
Roy Smalley to third
Jim Rice to second
Runner from 3rd tries for Home, SAFE, throw by LF to home
Batting: LHB Johnny Grubb 0-0: Foul Ball, location: 2F
0-1: 3-RUN HOME RUN (Line Drive, 89XD, EV 101.3 MPH), Distance : 419 ft
Pitching: RHP Luis Gutierrez
Now at 3B: Mike Calise
Batting: RHB Bob Brenly 0-0: Ball
1-0: Ball
2-0: Fly out, F9 (Flyball, 89S, EV 75.6 MPH)
Batting: RHB John Brown 0-0: Ball
1-0: Ground out 3-1 (Groundball, 34S, EV 85.6 MPH)
Bottom of the 5th over - 7 runs, 3 hits, 1 error, 0 left on base; San Diego 6 - Chicago 8
TOP OF THE 6TH
San Diego Padres batting - Pitching for Chicago Cubs : RHP John Brown
Batting: LHB Jeffrey Zitek 0-0: Called Strike
0-1: Ball
1-1: Ball
2-1: Called Strike
2-2: Ball
3-2: Foul Ball, location: 2F
3-2: Foul Ball, location: 2F
3-2: Strikes out swinging
Batting: RHB Mike Calise 0-0: Called Strike
0-1: Swinging Strike
0-2: Ball
1-2: Foul Ball, location: 2F
1-2: Foul Ball, location: 2F
1-2: Strikes out swinging
Batting: RHB Bob Dernier 0-0: Ball
1-0: Ball
2-0: Fly out, F8 (Flyball, 8RD, EV 100.0 MPH)
Top of the 6th over - 0 runs, 0 hits, 0 errors, 0 left on base; San Diego 6 - Chicago 8
BOTTOM OF THE 6TH
Chicago Cubs batting - Pitching for San Diego Padres : RHP Luis Gutierrez
Batting: RHB Gary Ward 0-0: Bunt for hit to 5S - play at first, batter OUT! 5-3
Batting: RHB Bill Madlock 0-0: Called Strike
0-1: Called Strike
0-2: Strikes out looking
Batting: RHB Lonnie Smith 0-0: Ball
1-0: Ball
2-0: Ball
3-0: Base on Balls
Pitching: LHP Jack W O'Connor
Batting: SHB Roy Smalley 0-0: Ball
1-0: Single, Error in OF, E7, batter to second base (Line Drive, 56D, EV 98.1 MPH)
Lonnie Smith to third
Batting: RHB Jim Rice 0-0: SINGLE (Groundball, 34S, EV 81.3 MPH) (infield hit)
Lonnie Smith scores
Roy Smalley to third
Batting: RHB Randy Ready 0-0: Called Strike
0-1: Fly out, F2 (Popup, 23F, EV 81.9 MPH)
Bottom of the 6th over - 1 run, 2 hits, 1 error, 2 left on base; San Diego 6 - Chicago 9
TOP OF THE 7TH
San Diego Padres batting - Pitching for Chicago Cubs : RHP John Brown
Batting: LHB Jerry McDonald 0-0: Foul Ball, location: 2F
0-1: Ground out 6-3 (Groundball, 6M, EV 85.6 MPH)
Batting: LHB Tom Dunbar 0-0: Called Strike
0-1: Foul Ball, location: 2F
0-2: Ball
1-2: Strikes out looking
Batting: RHB Dennis Dungy 0-0: Called Strike
0-1: Ball
1-1: Called Strike
1-2: Strikes out swinging, 2-3 out at first.
Top of the 7th over - 0 runs, 0 hits, 0 errors, 0 left on base; San Diego 6 - Chicago 9
BOTTOM OF THE 7TH
Chicago Cubs batting - Pitching for San Diego Padres : LHP Jack W O'Connor
Batting: LHB Johnny Grubb 0-0: Called Strike
0-1: Foul Ball, location: 2F
0-2: Ball
1-2: Ball
2-2: Ground out 4-3 (Groundball, 4S, EV 62.5 MPH)
Batting: RHB Bob Brenly 0-0: Called Strike
0-1: Foul Ball, location: 2F
0-2: Ball
1-2: Ball
2-2: Fly out, F7 (Flyball, 7S, EV 89.4 MPH)
Pinch Hitting: LHB Gerald Perry 0-0: Swinging Strike
0-1: Ball
1-1: Ball
2-1: Ground out U3 (Groundball, 3S, EV 86.9 MPH)
Bottom of the 7th over - 0 runs, 0 hits, 0 errors, 0 left on base; San Diego 6 - Chicago 9
TOP OF THE 8TH
San Diego Padres batting - Pitching for Chicago Cubs : RHP John Brown
Pitching: LHP Abelino Pena
Batting: LHB Darrell Porter 0-0: DOUBLE (Groundball, 3L, EV 103.8 MPH)
Pitching: RHP Robert Weismiller
Batting: RHB Heriberto Soltero 0-0: Called Strike
0-1: Swinging Strike
0-2: Ball
1-2: Ball
2-2: Ball
3-2: Strikes out swinging
Pinch Hitting: LHB Chris Chambliss 0-0: Fly out, F8 (Flyball, 8LXD, EV 93.8 MPH)
Runner from 2nd tags up, SAFE at 3rd, no throw by CF
Batting: LHB Jeffrey Zitek 0-0: Ball
1-0: Called Strike
1-1: Ball
2-1: Foul Ball, location: 2F
2-2: Ball
3-2: Foul Ball, location: 2F
3-2: Foul Ball, location: 2F
3-2: Foul Ball, location: 2F
3-2: Ground out U3 (Groundball, 3S, EV 71.3 MPH)
Top of the 8th over - 0 runs, 1 hit, 0 errors, 1 left on base; San Diego 6 - Chicago 9
BOTTOM OF THE 8TH
Chicago Cubs batting - Pitching for San Diego Padres : LHP Jack W O'Connor
Pitching: RHP Craig Eaton
Batting: RHB Gary Ward 0-0: Called Strike
0-1: Ball
1-1: Ground out 5-3 (Groundball, 56S, EV 86.9 MPH)
Batting: RHB Bill Madlock 0-0: Called Strike
0-1: Foul Ball, location: 2F
0-2: Ball
1-2: Ground out 5-3 (Groundball, 5, EV 86.9 MPH)
Batting: RHB Lonnie Smith 0-0: Ball
1-0: Fly out, F6 (Flyball, 5D, EV 91.3 MPH)
Bottom of the 8th over - 0 runs, 0 hits, 0 errors, 0 left on base; San Diego 6 - Chicago 9
TOP OF THE 9TH
San Diego Padres batting - Pitching for Chicago Cubs : RHP Robert Weismiller
Batting: RHB Mike Calise 0-0: Ball
1-0: Fly out, F9 (Flyball, 9D, EV 78.8 MPH)
Batting: RHB Bob Dernier 0-0: Ground out 4-3 (Groundball, 4, EV 88.8 MPH)
Batting: LHB Jerry McDonald 0-0: Ball
1-0: Fly out, F7 (Flyball, 7D, EV 98.8 MPH)
Top of the 9th over - 0 runs, 0 hits, 0 errors, 0 left on base; San Diego 6 - Chicago 9
Wednesday, August 5th, 2020 - OOTP Baseball 21.5 Build 76